 Dungeon Crawl Stone Soup version 0.30.1-11-g7821555f0a (webtiles) character file.

Game seed: 2313759495169274015

5182 Colgate the Martial Artist (level 10, 96/97 HPs)
             Began as a Merfolk Transmuter on Dec 31, 2023.
             Was an Elder of Okawaru.
             Quit the game on level 10 of the Dungeon on Jan 1, 2024.
             The game lasted 01:05:36 (15151 turns).

Colgate the Martial Artist (Merfolk Transmuter)    Turns: 15151, Time: 01:05:37

Health: 96/97      AC:  6    Str: 12    XL:     10   Next: 60%
Magic:  16/22      EV: 13    Int: 15    God:    Okawaru [****..]
Gold:   668        SH:  0    Dex: 15    Spells: 1/13 levels left

rFire   x .          .
                       - Unarmed
rCold   + + +        (shield currently unavailable)
rNeg    . . .        a - melded +0 steam dragon scales
rPois   +            q - melded +0 helmet
rElec   .            u - melded +0 cloak
rCorr   .            y - melded +0 pair of gloves
SInv    .            (boots currently unavailable)
Will    .....        x - amulet of faith
Stlth   +++          C - ring of magical power
HPRegen 0.36/turn    H - ring of wizardry
MPRegen 0.18/turn

%: faith, wizardry (x1)
@: ice-form, wereblooded
A: freezing attack, boosted hp, large, (nimble swimmer 2), (mertail), (heat
vulnerability 1)
a: End Transformation, Renounce Religion, Heroism, Finesse


You were on level 10 of the Dungeon.
You worshipped Okawaru.
Okawaru was greatly pleased with you.
You were a creature of crystalline ice.
You visited 2 branches of the dungeon, and saw 11 of its levels.

You collected 668 gold pieces.

Inventory:

Hand Weapons
 E - the +4 whip of Famine {vamp, Str+5 Dex-2}
   (You found it on level 6 of the Dungeon)

   Str:       It affects your strength (+5).
   Dex:       It affects your dexterity (-2).
Armour
 a - +0 steam dragon scales (melded)
 q - a +0 helmet (melded)
 u - a +0 cloak (melded)
 y - a +0 pair of gloves (melded)
Jewellery
 x - an amulet of faith (around neck)
 C - a ring of magical power (left front paw)
 H - a ring of wizardry (right front paw)
 J - a +6 ring of dexterity
Wands
 m - a wand of paralysis (30)
 s - a wand of acid (10) {@v1}
 v - a wand of roots (12) {@v2}
 w - a wand of flame (10)
 F - a wand of mindburst (4)
Scrolls
 e - 2 scrolls of brand weapon
 g - 2 scrolls of noise
 h - 5 scrolls of immolation
 i - a scroll of blinking {@r4}
 j - a scroll of teleportation {@r3}
 k - a scroll of enchant weapon {unknown}
 n - a scroll of poison
 p - a scroll of torment {unknown}
 t - 2 scrolls of fog {unknown}
 A - 3 scrolls of silence
 D - 3 scrolls of summoning {unknown}
 I - a scroll of identify {@r1}
Potions
 b - 2 potions of lignification
 c - 7 potions of heal wounds {@q2}
 d - a potion of cancellation
 f - 2 potions of might {@q3}
 l - 5 potions of curing {@q1}
 o - 2 potions of attraction
 r - 2 potions of magic
 z - 2 potions of degeneration {unknown}
 B - a potion of invisibility
 G - a potion of haste {unknown}


   Skills:
 - Level 8.3 Fighting
 - Level 7.6 Dodging
 - Level 4.1 Stealth
 - Level 10.4 Unarmed Combat
 - Level 2.0 Spellcasting
 - Level 7.4 Transmutations
 - Level 1.1 Ice Magic
 + Level 5.2 Invocations
 - Level 1.0 Evocations


You had one spell level left.
You knew the following spells:

 Your Spells              Type           Power      Damage    Failure   Level
a - Beastly Appendage     Tmut           46%        N/A       1%          1
b - Wereblood             Tmut           23%        N/A       1%          2
c - Spider Form           Tmut/Pois      12%        N/A       6%          3
d - Ice Form              Ice/Tmut       14%        N/A       16%         4
e - Passwall              Tmut/Erth      10%        N/A       3%          2

Your spell library contained the following spells:

 Spells                   Type           Power      Damage    Failure   Level
 Freeze                   Ice            16%        1d4       6%          1
 Apportation              Tloc           2%         N/A       9%          1
 Kiss of Death            Conj/Necr      4%         2d5       9%          1
 Necrotise                Necr           4%         1d4       9%          1
 Sandblast                Erth           2%         2d4       9%          1
 Frozen Ramparts          Ice            8%         1d2       16%         3
 Hailstorm                Conj/Ice       3%         3d3       21%         3
 Confusing Touch          Hex            1%         N/A       26%         3
 Stone Arrow              Conj/Erth      2%         3d7       26%         3
 Yara's Violent Unravell  Hex/Tmut       6%         3d5       45%         5
 Dispel Undead            Necr           1%         3d6       61%         4
 Manifold Assault         Tloc           1%         N/A       61%         4
 Passage of Golubria      Tloc           1%         N/A       61%         4
 Dispersal                Tloc           0%         N/A       100%        6
 Disjunction              Tloc           0%         N/A       100%        8
 Summon Small Mammal      Summ           Unusable   N/A       N/A         1
 Tukima's Dance           Hex            Unusable   N/A       N/A         3

Dungeon Overview and Level Annotations

Branches:
Dungeon (10/15)            Temple (1/1) D:6             Orc (0/2) D:9
   Lair: D:8-11

Altars:
Ashenzari
Cheibriados
Dithmenos
Elyvilon
Fedhas
Gozag
Hepliaklqana
Kikubaaqudgha
Makhleb
Nemelex Xobeh
Okawaru
Qazlal
Ru
Sif Muna
Trog
Uskayaw
Vehumet
Wu Jian
Xom
Yredelemnul
Zin
The Shining One

Shops:
D:3 [   D:8 [

Annotations:
D:6 Maggie
D:9 2 transporters, exclusion: two-headed ogre, Condegh's ghost, novice TrMo; Erica


Innate Abilities, Weirdness & Mutations

You are a creature of crystalline ice.
You have a powerful freezing melee attack.
Your maximum health is increased.
Your armour is entirely melded.
You are incapable of wielding weapons or throwing items.
((You are very nimble when in or above water. (Stealth+, EV+, Speed+++)))
((Your lower body shifts to a powerful aquatic tail in water.))
((You are vulnerable to heat. (rF-)))


Message History

Level annotation: 2 transporters, exclusion: two-headed ogre, Condegh's ghost, novice TrMo; Erica Welcome back, Colgate the Merfolk Transmuter.
Okawaru says: Bring me glory in combat!
No target in view!
Partly explored, unvisited transporter and can't reach some items and places.
No target in view!
Partly explored, unvisited transporter and can't reach some items and places.
No target in view!
Partly explored, unvisited transporter and can't reach some items and places.
No target in view!
Partly explored, unvisited transporter and can't reach some items and places.
(D) Dungeon (T) Temple (O) Orcish Mines
Where to? (? - help)
Your transformation is almost over.
There is an open door here.
There is a stone staircase leading down here.
You climb downwards.
The yak bellows! x2; You hear a bellow! x5; You hear a shout!
There is a stone staircase leading up here.
There are monsters nearby!
Unknown command.
Unknown command.
You punch the yak! You freeze the yak. You pummel the yak!! You freeze the yak.
You kill the yak!
Okawaru accepts your kill.
A yak comes into view. x2
Your Invocations skill increases to level 5!
You extend your transformation's duration.
A yak comes into view. x2
Casting: Ice Form (dangerous; 16% risk of failure)
Your blood is infused with primal strength.
The yak gores you.
Welcome back, Colgate the Merfolk Transmuter.
Okawaru says: Bring me glory in combat!
Okay, then.
Okay, then.
You punch the yak! You freeze the yak. The yak gores you but does no damage.
Char dumped successfully.
Unknown command.

########
#YYY...#
#Y####.#
... ##..
... ..Y.
..#..
.#.Y.Y


You could see 3 yaks.

Vanquished Creatures
  Pikel (D:7)
  A manticore (D:8)
  Grinder (D:4)
  2 wyverns
  A yak (D:10)
  2 steam dragons
  Edmund (D:6)
  2 acid dragons
  3 sky beasts (D:7)
  An ice beast (D:6)
  3 orc warriors
  A black bear (D:5)
  An ogre (D:6)
  4 centaurs
  2 lemures (D:7)
  3 kobold brigands
  5 bullfrogs
  3 scorpions
  4 wights
  An electric eel (D:6)
  4 hounds
  A jelly (D:7)
  Crazy Yiuf (D:3)
  3 orc priests
  5 sleepcaps
  3 iguanas
  Ijyb (D:4)
  4 orc wizards
  Robin (D:3)
  12 gnolls
  8 adders
  A shadow imp (D:6)
  4 white imps
  3 ufetubi
  A worm (D:4)
  3 dart slugs
  24 orcs
  3 bats (D:3)
  4 endoplasms
  4 giant cockroaches
  18 goblins
  13 hobgoblins
  3 jackals (D:3)
  7 quokkas
  2 ball pythons
  6 frilled lizards
  17 kobolds
  9 rats
207 creatures vanquished.

Notes
Turn   | Place    | Note
-------+----------+-------------------------------------------
     0 | D:1      | Colgate the Merfolk Transmuter began the quest for the Orb.
     0 | D:1      | Reached XP level 1. HP: 15/15 MP: 3/3
   377 | D:1      | Reached XP level 2. HP: 17/21 MP: 3/5
   380 | D:1      | Reached skill level 4 in Unarmed Combat
   589 | D:1      | Learned a level 2 spell: Wereblood
  1079 | D:1      | Found a faded altar of an unknown god.
  1197 | D:1      | Reached XP level 3. HP: 26/26 MP: 6/6
  1216 | D:1      | Learned a level 3 spell: Spider Form
  1821 | D:2      | Reached skill level 5 in Unarmed Combat
  2020 | D:2      | Reached XP level 4. HP: 32/32 MP: 3/7
  3020 | D:3      | Reached skill level 6 in Unarmed Combat
  3199 | D:3      | Reached XP level 5. HP: 25/37 MP: 3/8
  3730 | D:3      | Noticed Robin
  3743 | D:3      | Killed Robin
  3982 | D:3      | Found Samelox's Antique Armour Emporium.
  4370 | D:3      | Found a runed translucent door.
  4371 | D:3      | Noticed Crazy Yiuf
  4586 | D:3      | Killed Crazy Yiuf
  4587 | D:3      | Reached XP level 6. HP: 23/43 MP: 2/9
  4744 | D:4      | Noticed Ijyb
  4758 | D:4      | Killed Ijyb
  4759 | D:4      | Reached skill level 7 in Unarmed Combat
  4814 | D:4      | Noticed Grinder
  4856 | D:4      | Paralysed by Grinder for 2 turns
  4857 | D:4      | Killed Grinder
  4858 | D:4      | Reached XP level 7. HP: 13/48 MP: 7/10
  5264 | D:4      | Reached skill level 1 in Evocations
  5719 | D:4      | Noticed a steam dragon
  6488 | D:5      | Entered Level 5 of the Dungeon
  7107 | D:5      | Reached skill level 5 in Transmutations
  7107 | D:5      | Reached XP level 8. HP: 60/60 MP: 6/11
  7778 | D:6      | Learned a level 4 spell: Ice Form
  7868 | D:6      | Reached skill level 1 in Ice Magic
  8001 | D:6      | Found a staircase to the Ecumenical Temple.
  8035 | Temple   | Entered the Ecumenical Temple
  8263 | Temple   | Became a worshipper of Warmaster Okawaru
  8464 | D:6      | Reached skill level 5 in Fighting
  8544 | D:6      | Noticed Maggie
  8562 | D:6      | Found a shadowy altar of Dithmenos.
  8573 | D:6      | Noticed Edmund
  8580 | D:6      | Killed Edmund
  8720 | D:6      | Reached skill level 5 in Dodging
  9007 | D:6      | Identified the +4 whip of Famine {vamp, Str+5 Dex-2}
  9073 | D:6      | Reached * piety under Okawaru
  9074 | D:6      | Reached XP level 9. HP: 69/69 MP: 12/12
  9426 | D:6      | Found a sparkling altar of Nemelex Xobeh.
  9446 | D:6      | Found a broken altar of Ashenzari.
  9446 | D:6      | Found a shimmering altar of Xom.
  9457 | D:6      | Found a bloodstained altar of Trog.
  9484 | D:6      | Found a sacrificial altar of Ru.
  9697 | D:7      | Learned a level 2 spell: Passwall
  9813 | D:7      | Reached skill level 1 in Invocations
  9820 | D:7      | Noticed Pikel
 10331 | D:7      | Reached skill level 8 in Unarmed Combat
 10333 | D:7      | Reached ** piety under Okawaru
 10695 | D:7      | Reached skill level 9 in Unarmed Combat
 10879 | D:7      | Killed Pikel
 10879 | D:7      | Reached *** piety under Okawaru
 10880 | D:7      | Reached skill level 10 in Unarmed Combat
 11114 | D:8      | Reached XP level 10. HP: 79/79 MP: 13/13
 11238 | D:8      | Found Naritz's Antique Armour Shop.
 11497 | D:8      | Noticed a manticore
 12453 | D:8      | Gained mutation: You are vulnerable to heat. (rF-)
                  | [mutagenic glow]
 12612 | D:8      | Reached **** piety under Okawaru
 12931 | D:8      | Killed a manticore
 13312 | D:8      | Found Naritz's Antique Armour Shop.
 13451 | D:9      | Found a staircase to the Orcish Mines.
 13471 | D:9      | Noticed a two-headed ogre
 14019 | D:9      | Found a transporter.
 14019 | D:9      | Noticed Erica
 14043 | D:9      | Noticed Condegh's ghost (novice TrMo)
 14075 | D:9      | Found a transporter.
 15144 | D:10     | Entered Level 10 of the Dungeon
 15147 | D:10     | Reached skill level 5 in Invocations
 15151 | D:10     | Quit the game

Illustrated notes

Levels and vault maps discovered:
D:1:      lemuel_arrival_cross, layout_loops_corners,
          shapermc_ecumenical_altar_ellora, minmay_tree_intersection,
          minivault_4, minmay_misc_feat_nine_boxes, kennysheep_doodads
D:2:      minmay_inner_zag, layout_basic, minmay_tetromino_t2
D:3:      kennysheep_goblin_castle, layout_loops_ring, serial_shops, shop,
          minmay_hedge_maze, uniq_crazy_yiuf_cottage
D:4:      layout_loops_ring, grunt_ministairs_15, minmay_splitting_lines,
          solitary_fountain, wad_rectangle_vault, uniq_grinder, uniq_ijyb,
          uniq_robin
D:5:      layout_rooms, kennysheep_big_empty_room
D:6:      layout_rooms, mainiacjoe_overflow_small_starburst,
          minmay_overflow_temple_star_hex, minmay_temple_entry_ruins,
          serial_bayou, serial_bayou_shore_a, serial_bayou_pond_b,
          serial_bayou_pond_a, serial_bayou_pond_c, uniq_maggie, uniq_edmund
D:7:      layout_loops_ring, grunt_decor_resistance, uniq_pikel
D:8:      layout_loops_cross, serial_shops, shop
D:9:      layout_irregular_city, orc_0_dummy, gammafunk_ghost_berserking_beasts,
          uniq_erica
D:10:     layout_loops_cross, lair_entry_dummy,
          gammafunk_ghost_wrathful_warriors, nicolae_shop_overcharged_wands
Temple:   regret_index_temple_sphere_string

Skill      XL: |  1  2  3  4  5  6  7  8  9 10 |
---------------+-------------------------------+-----
Unarmed Combat | 4 5 6 7 10 | 10.4
Transmutations | 3 5 7 |  7.4
Stealth        | 4 |  4.1
Evocations     | 1 |  1.0
Fighting       | 3 6 7 8 |  8.3
Ice Magic      | 1 |  1.1
Dodging        | 5 7 |  7.6
Invocations    | 1 5 |  5.2
Spellcasting   | |  2.0

Action                     |  1- 3 |  4- 6 |  7- 9 | 10-12 || total
---------------------------+-------+-------+-------+-------++-------
  Melee: Unarmed           |   102 |   109 |   276 |    69 ||   556
         Headbutt          |    11 |     1 |       |       ||    12
   Cast: Beastly Appendage |    18 |     1 |     1 |       ||    20
         Wereblood         |     1 |     8 |    12 |     5 ||    26
         Spider Form       |     7 |    23 |    30 |     1 ||    61
         Ice Form          |       |       |    41 |    37 ||    78
Ability: End Transformatio |       |       |     2 |       ||     2
  Evoke: Wand              |       |       |     1 |       ||     1
    Use: Scroll            |     4 |     2 |     4 |     3 ||    13
   Stab: Sleeping          |     2 |     2 |     6 |     2 ||    12
 Armour: Robe              |     6 |     6 |     4 |       ||    16
         Skin              |     1 |     3 |    33 |    12 ||    49
         Steam dragon scal |       |       |       |     2 ||     2
  Dodge: Dodged            |    70 |    93 |   150 |    37 ||   350
